AoeStats
← blorfsky

Arena

510384879Analyzed
1v1 RM · 17h ago on Sep 30, 2026· 41m 41s· 2 players
Game mode
Random Map
Map size
Tiny (2 player)
Population
200
Speed
Normal
Resources
Standard
Victory
Conquest
Starting age
Dark Age
Ending age
Imperial Age
RankedLock teamsTeams togetherTeam positionsShared explorationLock speedFull tech treeHidden civsTurbo modeCheats
Victory
Defeat
🇺🇸 Khmer · United States
905
+15
🇨🇭 Vietnamese · Switzerland
890
-15
blorfsky
7:38 Loom
9:55 Feudal Age
14:15 Castle Age
13:54 Double-Bit Axe
20:53 Fletching
27:17 Wheelbarrow
27:23 Town Watch
27:47 Padded Archer Armor
28:37 Bow Saw
28:10 Horse Collar
29:19 Hand Cart
29:46 Pikeman
30:28 Squires
30:14 Arson
30:40 Chatras
32:27 Forging
32:13 Bodkin Arrow
32:40 Heavy Plow
35:17 Imperial Age
33:10 Leather Archer Armor
33:55 Pikeman
35:45 Iron Casting
35:10 Scale Mail Armor
37:05 Chemistry
36:26 Ballistics
35:54 Elite Fire Lancer
38:17 Two-Man Saw
37:47 Paper Money
39:20 Onager
40:45 Masonry
Minigundoctor
9:12 Feudal Age
7:28 Loom
16:03 Castle Age
14:55 Double-Bit Axe
16:56 Bow Saw
16:37 Gold Mining
25:54 Bloodlines
27:15 Fervor
27:29 Stone Mining
27:49 Husbandry
29:17 Loom
34:53 Imperial Age
32:36 Horse Collar
34:10 Wheelbarrow
34:24 Scale Barding Armor
35:17 Stone Shaft Mining
35:18 Gold Shaft Mining
37:09 Hand Cart
40:34 Double Crossbow
39:55 Elite Ballista Elephant
40:14 Light Cavalry
Connection lost

Rejoining the realm…

Still unreachable

The connection could not be restored.

Session expired

The server has moved on; the page needs a fresh start.